 Dungeon Crawl Stone Soup version 0.24-a0-355-gbe4061de67 (console) character file.

Game seed: 12345763514705074030

98 Voker57 the Skirmisher (level 4, 0/37 HPs)
             Began as a Demonspawn Monk on May 24, 2019.
             Slain by a two-headed ogre
             ... wielding a +0 giant club
              (2 damage)
             ... on level 3 of the Dungeon.
             The game lasted 00:01:47 (1713 turns).

Voker57 the Skirmisher (Demonspawn Monk)            Turns: 1713, Time: 00:01:47

Health: 0/37       AC:  3    Str: 11    XL:     4   Next: 44%
Magic:  4/4        EV: 14    Int: 11    God:
Gold:   92         SH:  0    Dex: 17    Spells: 3/3 levels left

rFire    . . .     SeeInvis .   a - +0 falchion
rCold    . . .     Gourm    .   (no shield)
rNeg     . . .     Faith    .   b - +0 robe
rPois    .         Spirit   .   (no helmet)
rElec    .         Reflect  .   (no cloak)
rCorr    .         Harm     .   g - +0 pair of gloves
MR       .....                  (no boots)
Stlth    ++........             (no amulet)
HPRegen  0.12/turn              (no ring)
MPRegen  0.09/turn              (no ring)

@: no status effects
A: talons 1, spiny 1
a: no special abilities


You were on level 3 of the Dungeon.
You were hungry.

You visited 1 branch of the dungeon, and saw 3 of its levels.

You collected 92 gold pieces.

Inventory:

Hand Weapons
 a - a +0 falchion (weapon)
Missiles
 i - 5 javelins (quivered)
Armour
 b - a +0 robe (worn)
 g - a +0 pair of gloves (worn)
Scrolls
 e - 3 scrolls of identify
 j - a scroll of fear
 k - 2 scrolls of fog {unknown}
 l - a scroll of amnesia {unknown}
Potions
 d - a potion of curing {unknown}
 f - a potion of brilliance {unknown}
 h - 2 potions of lignification {unknown}
Comestibles
 c - 5 rations


   Skills:
 + Level 4.2 Fighting
 - Level 2.6 Long Blades
 + Level 0.7 Throwing
 + Level 3.8 Dodging
 - Level 1.7 Stealth


You had 3 spell levels left.
You didn't know any spells.
Your spell library was empty.

Dungeon Overview and Level Annotations

Branches:
Dungeon (3/15)

Altars:


Innate Abilities, Weirdness & Mutations

You have sharp toenails.
You are partially covered in sharp spines.


Message History

The two-headed ogre is moderately wounded.
The two-headed ogre is struck by your spines.
The two-headed ogre hits you with a +0 giant club!
The two-headed ogre hits you with a +0 dire flail!
* * * LOW HITPOINT WARNING * * *
Okay, then.
Okay, then.
Okay, then.
The bat is struck by your spines.
You kill the bat!
There is a stone staircase leading up here.
Okay, then.
As you read the scroll labeled CYOFOO DEIFF, it crumbles to dust.
It is a scroll of identify.
j - a scroll of fear The two-headed ogre is struck by your spines.
The two-headed ogre hits you with a +0 giant club.
* * * LOW HITPOINT WARNING * * *
The two-headed ogre hits you with a +0 dire flail.
You die...

.###. ##.#.#
.g. #..... .
#b###...# ...
#)#.....#
.....#.#.....#
.......b......#
.###...###g.>.#
#### #.†..#
#..O.# #..@.#
#....# ######


You could see a two-headed ogre and a goblin.

Vanquished Creatures
  2 adders (D:2)
  3 oozes
  2 worms (D:2)
  A leopard gecko (D:1)
  2 ball pythons (D:1)
  6 bats
  4 giant cockroaches
  11 goblins
  11 hobgoblins
  5 kobolds
  5 frilled lizards
  6 rats
58 creatures vanquished.

Notes
Turn   | Place    | Note
-------+----------+-------------------------------------------
     0 | D:1      | Voker57 the Demonspawn Monk began the quest for the Orb.
     0 | D:1      | Reached XP level 1. HP: 18/18 MP: 1/1
    92 | D:1      | Gained mutation: You are partially covered in sharp spines.
                  | [demonic ancestry]
    92 | D:1      | Reached XP level 2. HP: 19/24 MP: 2/2
   346 | D:1      | Gained mutation: You have sharp toenails. [demonic
                  | ancestry]
   346 | D:1      | Reached XP level 3. HP: 25/29 MP: 3/3
   940 | D:2      | Reached skill level 4 in Fighting
  1180 | D:2      | Reached XP level 4. HP: 37/37 MP: 4/4
  1702 | D:3      | Noticed a two-headed ogre
  1713 | D:3      | Slain by a two-headed ogre

Levels and vault maps discovered:
D:1:      enne_arrival_octagon_isle, layout_basic, minmay_misc_feat_ornament
D:2:      layout_basic
D:3:      layout_basic, marbit_many_paths, grunt_temple_overflow_diamond,
          hex_intersection, minmay_quantized

Skill      XL: |  1  2  3 |
---------------+----------+-----
Dodging        | 3 |  3.8
Fighting       | 4 |  4.2
Long Blades    | |  2.6
Throwing       | |  0.7
Stealth        | |  1.7

Action                   |  1- 3 |  4- 6 || total
-------------------------+-------+-------++-------
Melee: Falchion          |    81 |    24 ||   105
       Kick              |     9 |    11 ||    20
Throw: Javelin           |     2 |       ||     2
  Use: Scroll            |       |     1 ||     1
 Stab: Sleeping          |     3 |     4 ||     7
  Eat: Chunk             |     1 |     1 ||     2
Armor: Robe              |    13 |     3 ||    16
Dodge: Dodged            |    54 |    17 ||    71
       Rpst.: Falchion   |    15 |     5 ||    20

Table legend:
 A = Non-vault XP
 B = Vault XP
 C = Vault XP percentage of total XP
 D = Non-vault monster count
 E = Vault monster count
 F = Vault count percentage of total count
                 A         B        C        D         E       F
            +---------+---------+-------+---------+---------+-------
      Total |     137 |       4 |   2.8 |      55 |       3 |   5.2
            +---------+---------+-------+---------+---------+-------
        D:1 |      59 |       0 |   0.0 |      28 |       0 |   0.0
        D:2 |      78 |       0 |   0.0 |      27 |       0 |   0.0
        D:3 |       0 |       4 | 100.0 |       0 |       3 | 100.0
            +---------+---------+-------+---------+---------+-------
